 Dungeon Crawl Stone Soup version 0.17-a0-1850-g688e747 (webtiles) character file.

19361 4thArraOfDagon the Basher (level 12, -10/156 HPs)
             Began as a Centaur Air Elementalist on Sept 18, 2015.
             Was an Elder of Ashenzari.
             Mangled by an orc warrior
             ... wielding a cursed +0 trident
              (26 damage)
             ... on level 4 of the Orcish Mines.
             The game lasted 01:05:06 (10197 turns).

4thArraOfDagon the Basher (CeAE)                   Turns: 10197, Time: 01:05:07

Health: -10/156    AC: 24    Str: 19    XL:     12   Next: 35%
Magic:  6/6        EV: 12    Int: 16    God:    Ashenzari [****..]
Gold:   1681       SH:  0    Dex: 15    Spells: 7 memorised, 2 levels left

rFire  + . .     SeeInvis +     K - +8 hand axe "Xauhesen" {antimagic, *Noise MR+++ SInv}
rCold  . . .     Clarity  +     H - troll hide (curse)
rNeg   + . .     SustAt   .     (no shield)
rPois  +         Gourm    .     x - +1 helmet (curse)
rElec  .         Spirit   .     J - +2 cloak {rPois} (curse)
rCorr  .         Warding  .     (no gloves)
rMut   .         Stasis   .     a - +10 Black Knight's horse barding {ponderous, rPois rN+} (curse)
MR     ++++.                    h - necklace of Bloodlust {*Rage +Rage MR+ Str+2 Int-2 Slay+3 *Curse} (curse)
Stlth  ..........               n - +5 ring of dexterity (curse)
                                p - +2 ring of evasion (curse)

@: berserking, repel missiles, very quick, incredibly resistant to hostile
enchantments, extremely unstealthy
A: hooves 3, blink, deformed body, fire resistance 1, speed 2, poison
resistance, tough skin 3
a: Blink, Scrying, Renounce Religion, Evoke Berserk Rage


You were on level 4 of the Orcish Mines.
You worshipped Ashenzari.
Ashenzari was greatly pleased with you.
You were not hungry.

You visited 3 branches of the dungeon, and saw 19 of its levels.
You also visited: Labyrinth and Ossuary.

You collected 1681 gold pieces.

Inventory:

Hand weapons
 b - a +3 flail of freezing
 d - a +2 flail of holy wrath
 e - a +2 whip of venom
 k - a +2 war axe of electrocution
 m - a +0 flail
 q - a +1 morningstar of protection
 t - a +3 broad axe
 K - the +8 hand axe "Xauhesen" (weapon) {antimagic, *Noise MR+++ SInv}
   (You found it in a labyrinth)

   It disrupts the flow of magical energy around spellcasters and certain
   magical creatures (including the wielder).
   It affects your resistance to hostile enchantments.
   It lets you see invisible.
   It may make noises in combat.
Missiles
 j - 3 curare-tipped needles
 E - a javelin (quivered)
Armour
 a - the cursed +10 Black Knight's horse barding (worn) {ponderous, rPois rN+}
   (You acquired it on level 9 of the Dungeon)

   It protects you from poison.
   It protects you from negative energy.
   It has a curse placed upon it.
 x - a cursed +1 helmet (worn)
 A - a +2 robe of resistance
 H - a cursed troll hide (worn)
 J - a cursed +2 cloak of poison resistance (worn)
 L - the +0 leather armour of the Sky {rPois MP+9 Int-4 Dex+6}
   (You found it in a labyrinth)

   It affects your intelligence (-4).
   It affects your dexterity (+6).
   It protects you from poison.
   It affects your magic capacity (+9).
Magical staves
 M - an uncursed staff of wizardry {!a}
Rods
 N - a +6 rod of clouds (14/14)
   (You found it in a labyrinth)
 O - a +0 lightning rod (9/9)
   (You found it in a labyrinth)
Jewellery
 h - the cursed necklace of Bloodlust (around neck) {*Rage +Rage MR+ Str+2 Int-2 Slay+3 *Curse}
   (You took it off a minotaur in a labyrinth)

   [amulet of rage]

   It affects your strength (+2).
   It affects your intelligence (-2).
   It affects your accuracy and damage with ranged weapons and melee attacks
   (+3).
   It affects your resistance to hostile enchantments.
   It lets you go berserk.
   It may make you go berserk in combat.
   It may re-curse itself when equipped.
   It has a curse placed upon it.
 n - a cursed +5 ring of dexterity (right hand)
 p - a cursed +2 ring of evasion (left hand)
Magical devices
 G - a wand of slowing (36)
 S - a wand of fire (6)
Scrolls
 f - 4 scrolls of remove curse
 s - 2 scrolls of noise
 u - a scroll of amnesia
 w - 5 scrolls of identify
 y - 2 scrolls of curse jewellery
 z - 3 scrolls of magic mapping
 V - a scroll of enchant weapon
Potions
 l - a potion of flight
 o - a potion of curing
 v - a potion of brilliance
Books
 B - a book of Party Tricks

   Spells                             Type                      Level
   a - Summon Butterflies             Summoning                    1
   b - Apportation                    Translocation                1
   c - Tukima's Dance                 Hexes                        3
   d - Alistair's Intoxication        Transmutation/Poison         4
   e - Invisibility                   Hexes                        6
 C - a book of Burglary

   Spells                             Type                      Level
   a - Swiftness                      Charms/Air                   2
   b - Passwall                       Transmutation/Earth          3
   c - Passage of Golubria            Translocation                4
   d - Lee's Rapid Deconstruction     Earth                        5
   e - Darkness                       Hexes                        6
   f - Invisibility                   Hexes                        6
 D - a book of Debilitation

   Spells                             Type                      Level
   a - Corona                         Hexes                        1
   b - Slow                           Hexes                        2
   c - Gell's Gravitas                Hexes/Translocation          3
   d - Inner Flame                    Hexes/Fire                   3
   e - Cause Fear                     Hexes                        4
   f - Leda's Liquefaction            Hexes/Earth                  4
 W - a book of Alchemy

   Spells                             Type                      Level
   a - Sublimation of Blood           Necromancy                   2
   b - Ignite Poison                  Fire/Transmutation/Poison    3
   c - Alistair's Intoxication        Transmutation/Poison         4
   d - Condensation Shield            Ice                          4
   e - Petrify                        Transmutation/Earth          4
   f - Irradiate                      Conjuration/Transmutation    5
Comestibles
 c - 7 bread rations
 g - 2 royal jellies
 i - 3 meat rations
 r - 8 chunks of flesh


   Skills:
 + Level 9.0 Fighting
 - Level 11.2 Maces & Flails
 - Level 5.2 Armour
 - Level 3.5(5.6) Dodging
 - Level 1.2(2.7) Stealth
 + Level 4.6 Spellcasting
   Level 0.8(2.6) Conjurations
 - Level 6.4(10.0) Translocations
 * Level 4.0(7.2) Transmutations
 - Level 2.6(5.5) Air Magic
 * Level 3.6(6.8) Earth Magic
 * Level 1.5(3.8) Evocations


You had 2 spell levels left.
You knew the following spells:

 Your Spells              Type           Power        Failure   Level  Hunger
a - Stoneskin             Trmt/Erth      ####....     1%          2    ##.....
b - Repel Missiles        Chrm/Air       ##....       10%         2    ##.....
c - Swiftness             Chrm/Air       ##......     10%         2    ##.....
d - Apportation           Tloc           #####.....   1%          1    None
e - Passage of Golubria   Tloc           N/A          3%          4    ####...
f - Animate Skeleton      Necr           N/A          17%         1    None
g - Statue Form           Trmt/Erth      ####.....    98%         6    #######


Dungeon Overview and Level Annotations

Branches:
Dungeon (14/15)            Temple (1/1) D:4            Lair (0/8) D:10
    Orc (4/4) D:12            Elf (0/3) Orc:3        Vaults (0/5) D:14

Altars:
Ashenzari
Cheibriados
Dithmenos
Elyvilon
Gozag
Kikubaaqudgha
Makhleb
Nemelex Xobeh
Okawaru
Ru
Sif Muna
Trog
Vehumet
Xom
Zin
Beogh

Shops:
Orc:2 (   Orc:4 }*?[

Annotations:
D:6 George's ghost, experienced DsGl
D:9 exclusion: downstairs
D:10 Urug
D:14 Donald; Norris


Innate Abilities, Weirdness & Mutations

You have hooves in place of feet.
Armour fits poorly on your strangely shaped body.
You cover ground very quickly.
You have extremely tough skin (AC +3).
You can translocate small distances at will.
Your flesh is heat resistant.
Your system is resistant to poisons.


Message History

The orc knight is lightly wounded.
You hit the orc wizard.
The orc wizard's magic leaks into the air.
The orc wizard is moderately wounded.
The orc wizard hits you but does no damage.
Unknown command.
Unknown command.
You slice the orc knight!!
The orc knight is moderately wounded.
You hit the orc knight.
The orc knight is lightly wounded.
You slash the orc wizard!
The necklace of Bloodlust glows a violent red.
You kill the orc wizard!
The orc knight roars a battlecry!
The orc warrior goes into a battle-frenzy!
The orc knight hits you with a dire flail!
* * * LOW HITPOINT WARNING * * *
The orc warrior hits you from afar with a trident!!
You die...

###........#..# * ** #.
.##...........# *#### , #.
...)).........# ##....,* ** #.
....#.........# ##...., * ,. #.
....#.........# #∩.#.##,,,# .#*#.
..............###.o#..##,.# ..*#.
..............##o.#....#... #. #.
..............##oo#{{...... #. #.
#.#...........##@#{{{.o....*#.*#.
..............##)#{{{.oo#####4##3
..##...∩......##§o.o..o.o.ooo3o.o
.###...)......##.#o{....#####§##4
## ##...#.....##.#ooo.ooo.o #. #)
#..........##..#....o.o.*#.*#.
##[).......##∩.#..o.#oO.*#. #.
###..........###..#..##..# .{*#.
##..#.........# #∩. .##,,.#*.#*#.


You could see 2 orc knights, 2 orc warriors, 3 orc priests and 2 orc wizards.

Vanquished Creatures
  A minotaur (Lab)
  A hydra (D:13)
  A centaur warrior (D:13)
  An orc high priest (Orc:4)
  2 unseen horrors
  A wizard (D:9)
  2 hill giants
  2 orc sorcerers (Orc:4)
  A cyclops (D:13)
  4 centaur zombies
  Psyche (D:10)
  A gargoyle (D:12)
  A centaur skeleton (D:12)
  5 trolls
  2 two-headed ogres
  A trapdoor spider (Lab)
  2 deep elf magi
  A wraith (D:9)
  A wyvern (D:9)
  A hippogriff (D:11)
  9 yaks
  A hungry ghost (D:13)
  3 wargs
  3 vampire mosquitoes (D:12)
  4 ice beasts
  2 phantoms (D:8)
  14 orc warriors
  7 ogres
  2 centaurs
  2 big kobolds
  6 giant frogs
  A wyvern zombie (D:8)
  A scorpion (D:11)
  4 wights
  5 crimson imps
  6 killer bees
  5 hounds
  4 jellies
  A quasit (D:8)
  4 iguanas
  A giant frog zombie (D:9)
  24 orc priests
  A giant frog skeleton (D:12)
  A gnoll shaman (D:8)
  18 orc wizards
  8 worker ants
  A hell rat (D:9)
  2 sheep (D:10)
  A hound skeleton (D:6)
  A worker ant zombie (D:11)
  9 adders
  10 gnolls
  12 white imps (D:11)
  4 shadow imps
  An ooze (D:6)
  A worm (D:3)
  A giant gecko (D:1)
  156 orcs
  5 giant cockroaches
  2 goblins (D:1)
  2 hobgoblins
  7 quokkas
  A giant newt (D:6)
  4 jackals
  12 kobolds
  A rat (D:1)
402 creatures vanquished.

Notes
Turn   | Place    | Note
--------------------------------------------------------------
     0 | D:1      | 4thArraOfDagon the Centaur Air Elementalist began the quest for the Orb.
     0 | D:1      | Reached XP level 1. HP: 14/14 MP: 3/3
    46 | D:1      | Reached skill level 1 in Maces & Flails
    75 | D:1      | Reached XP level 2. HP: 11/22 MP: 0/4
   178 | D:3      | Reached skill level 1 in Fighting
   183 | D:3      | Learned a level 2 spell: Repel Missiles
   269 | D:4      | Found a staircase to the Ecumenical Temple.
   278 | Temple   | Entered the Ecumenical Temple
   342 | Temple   | uhh
   351 | Temple   | Became a worshipper of Ashenzari the Shackled
   424 | D:4      | Reached XP level 3. HP: 24/28 MP: 5/5
   447 | D:4      | Learned a level 2 spell: Swiftness
   498 | D:4      | Reached XP level 4. HP: 8/36 MP: 4/6
   738 | D:5      | Entered Level 5 of the Dungeon
   871 | D:5      | Reached skill level 3 in Maces & Flails
   922 | D:5      | Reached XP level 5. HP: 35/44 MP: 5/7
  1003 | D:4      | Noticed a scorpion
  1031 | D:5      | Found a deep blue altar of Sif Muna.
  1041 | D:5      | Found a sand-covered staircase.
  1061 | Ossuary  | Entered an ossuary
  1071 | Ossuary  | crap
  1073 | D:5      | Noticed an ice beast
  1162 | D:5      | Found a bloodstained altar of Trog.
  1272 | D:6      | Reached skill level 1 in Armour
  1360 | D:6      | Noticed George's ghost (experienced DsGl)
  1392 | D:6      | Reached XP level 6. HP: 28/51 MP: 8/8
  1506 | D:6      | Noticed an ice beast
  1535 | D:7      | Acquired Ashenzari's first power
  1831 | D:7      | Reached skill level 4 in Maces & Flails
  2034 | D:7      | Reached XP level 7. HP: 7/58 MP: 5/9
  2281 | D:9      | Reached skill level 5 in Maces & Flails
  2492 | D:9      | Noticed a wyvern
  2501 | D:9      | Killed a wyvern
  2612 | D:9      | Reached skill level 6 in Maces & Flails
  2612 | D:9      | Reached XP level 8. HP: 33/67 MP: 8/10
  2668 | D:8      | Noticed a hungry ghost
  2688 | D:9      | Noticed a wizard
  2704 | D:9      | Identified a scroll of acquirement
  2726 | D:9      | Killed a wizard
  2726 | D:9      | Reached skill level 5 in Fighting
  2777 | D:9      | Learned a level 1 spell: Apportation
  2782 | D:9      | Learned a level 4 spell: Passage of Golubria
  2801 | D:10     | Entered Level 10 of the Dungeon
  2801 | D:10     | Found a staircase to the Lair.
  2804 | D:10     | Noticed Psyche
  2868 | D:8      | Reached skill level 7 in Maces & Flails
  2887 | D:8      | Reached skill level 1 in Translocations
  2938 | D:8      | Noticed a two-headed ogre
  2951 | D:8      | Killed a two-headed ogre
  2978 | D:8      | Reached XP level 9. HP: 55/75 MP: 10/12
  3046 | D:8      | Found a sacrificial altar of Ru.
  3047 | D:8      | Found an iron altar of Okawaru.
  3047 | D:8      | Found a white marble altar of Elyvilon.
  3049 | D:8      | Found an ancient bone altar of Kikubaaqudgha.
  3236 | D:8      | Found a sparkling altar of Nemelex Xobeh.
  3501 | D:10     | Noticed Urug
  3508 | D:11     | Noticed a hill giant
  3508 | D:11     | Noticed a brown ugly thing
  3528 | D:11     | Acquired Ashenzari's second power
  3928 | D:9      | Reached skill level 8 in Maces & Flails
  3964 | D:9      | Noticed a deep elf mage
  3985 | D:9      | Killed a deep elf mage
  4111 | D:10     | Killed Psyche
  4111 | D:10     | Reached XP level 10. HP: 84/84 MP: 14/14
  4382 | D:10     | Killed an unseen horror
  4382 | D:10     | Reached skill level 5 in Translocations
  4636 | D:12     | Reached skill level 9 in Maces & Flails
  4669 | D:12     | Noticed a cyclops
  4683 | D:13     | Noticed an ogre mage
  4683 | D:13     | Noticed a cyclops
  4727 | D:12     | :(
  5000 | D:12     | hide plox
  5028 | D:12     | :(
  5149 | D:12     | Gained mutation: Your flesh is heat resistant. [potion of mutation]
  5149 | D:12     | Gained mutation: You can translocate small distances at will. [potion of mutation]
  5149 | D:12     | Gained mutation: Your system is resistant to poisons. [potion of mutation]
  5356 | D:13     | Killed an unseen horror
  5356 | D:13     | Reached XP level 11. HP: 28/92 MP: 17/17
  5402 | D:13     | Noticed a green ugly thing
  5646 | D:11     | Learned a level 1 spell: Animate Skeleton
  6006 | D:11     | Noticed a cyan ugly thing
  6066 | D:12     | Noticed a hill giant
  6088 | D:12     | Noticed a hill giant
  6090 | D:12     | Noticed a hill giant
  6195 | D:12     | Reached skill level 10 in Maces & Flails
  6386 | D:13     | Noticed a centaur warrior
  6419 | D:13     | Killed a centaur warrior
  6475 | D:13     | Noticed a four-headed hydra
  6487 | D:13     | Killed a four-headed hydra
  6509 | D:13     | Noticed a cyclops
  6611 | D:13     | Noticed a centaur warrior
  6713 | D:14     | Found a gate to the Vaults.
  6713 | D:14     | Noticed Donald
  6713 | D:14     | Noticed Norris
  6713 | D:14     | Noticed a hill giant
  6780 | D:13     | Killed a cyclops
  7000 | D:8      | Reached skill level 5 in Armour
  7029 | D:8      | Learned a level 2 spell: Stoneskin
  7473 | D:12     | Killed a hill giant
  7473 | D:12     | Reached skill level 1 in Transmutations
  7473 | D:12     | Reached skill level 1 in Earth Magic
  7523 | D:11     | Killed a hill giant
  7626 | D:12     | Reached skill level 11 in Maces & Flails
  7707 | D:12     | Found a staircase to the Orcish Mines.
  7722 | Orc:1    | Entered Level 1 of the Orcish Mines
  7842 | Orc:1    | Learned a level 6 spell: Statue Form
  7858 | Orc:1    | Acquired Ashenzari's third power
  7886 | Orc:1    | Found Mesill's Quality Used Wands.
  8269 | Orc:2    | Found Sourax's Weapon Boutique.
  8271 | Orc:2    | Reached XP level 12. HP: 97/103 MP: 18/18
  8572 | Orc:3    | Found a roughly hewn altar of Beogh.
  8623 | Orc:3    | Found a staircase to the Elven Halls.
  8888 | Orc:4    | Entered Level 4 of the Orcish Mines
  8941 | Orc:4    | Found a labyrinth entrance.
  8950 | Lab      | Entered a labyrinth
  8951 | Lab      | expecting more from retty
  9123 | Lab      | Got the hand axe "Xauhesen" {antimagic, *Noise MR+++ SInv}
  9124 | Lab      | Identified the +8 hand axe "Xauhesen" {antimagic, *Noise MR+++ SInv} (You found it in a labyrinth)
  9215 | Lab      | Noticed a minotaur
  9481 | Lab      | Identified the +0 leather armour of the Sky {rPois MP+9 Int-4 Dex+6} (You found it in a labyrinth)
  9500 | Lab      | Identified a +4 rod of clouds (13/13) (You found it in a labyrinth)
  9554 | Lab      | Killed a minotaur
  9891 | Orc:4    | Acquired Ashenzari's fourth power
 10108 | Orc:4    | Reached skill level 1 in Evocations
 10186 | Orc:4    | Found March's Gadget Shop.
 10186 | Orc:4    | Found Atim's Assorted Antiques.
 10186 | Orc:4    | Found Lumah's Antique Armour Emporium.
 10187 | Orc:4    | Found Juffan's Magic Scroll Emporium.
 10188 | Orc:4    | HP: 4/104 [orc priest/divine providence (11)]
 10193 | Orc:4    | HP: 5/104 [orc warrior/trident (8)]
 10197 | Orc:4    | Mangled by an orc warrior

Vault maps used:
D:1:      eino_arrival_water_cross, st_stairs_5
D:2:      uniq_terence
D:3:      fedhas_altar_3, uniq_crazy_yiuf_cottage
D:4:      lemuel_round_altar, minmay_temple_entry_trees, uniq_menkaure
D:5:      bloody_trog, old_standard_altar, nicolae_ossuary_entry_monument,
          first_bread, hangedman_abyss_or_decor_stabs
D:7:      minivault_23, grunt_ogre_cave, nicolae_ru_path_of_blood
D:8:      grunt_temple_overflow_cloverleaf, nemelex_diamond_rough_becter
D:9:      minmay_librarian
D:10:     dpeg_lair_monsters, uniq_urug, uniq_psyche
D:11:     portal_ice_cave_entry_imps
D:12:     david_orc_4, hangedman_decor_lopped
D:13:     basic_altar, uniq_nessos
D:14:     david_vaults_3, serial_park_tiny_1, uniq_louise
Temple:   bh_familiar_temple
Orc:1:    nicolae_for_you_no_charge
Orc:2:    serial_shops, shop_fountains, nicolae_orc_crystal_geode
Orc:3:    nicolae_orc_pool_cavern, mines1_david
Orc:4:    st_orc_elflike, lab_entry_generic
Lab:      labyrinth_mini_lab, nicolae_lab_dead_end, lab_block,
          nicolae_lab_t_cross, lab_hedge, labyrinth_skeletal_remains,
          nicolae_lab_plus
Ossuary:  ossuary_tomb_1

Action                   |  1- 3 |  4- 6 |  7- 9 | 10-12 || total
-------------------------+-------+-------+-------+-------++-------
Melee: Whip              |    62 |   132 |   334 |       ||   528
       Morningstar       |       |       |    69 |   699 ||   768
       Flail             |       |       |       |    94 ||    94
       War axe           |       |       |       |   164 ||   164
       Hand axe          |       |       |       |    91 ||    91
 Cast: Shock             |     8 |    11 |     4 |       ||    23
       Repel Missiles    |     1 |     1 |     3 |     5 ||    10
 Abil: Blink             |       |       |       |     2 ||     2
       Evoke Berserk Rag |       |       |       |     1 ||     1
Evoke: Rod               |       |       |       |     4 ||     4
  Use: Scroll            |     3 |     5 |    14 |    13 ||    35
       Potion            |     1 |       |     2 |    12 ||    15
 Stab: Sleeping          |       |       |       |     2 ||     2
  Eat: Chunk             |       |     4 |     7 |    23 ||    34
       Fruit             |       |       |     1 |     1 ||     2
       Royal jelly       |       |       |       |     1 ||     1
       Pizza             |       |       |       |     1 ||     1
